 Seeded DCSS version 0.29-a0-542-g075992c915 (webtiles) character file.

Game seed: 9296762951556685199 (custom seed)

1478730 oldmanjim the Grand Master (level 27, 214/214 HPs)
             Began as an Octopode Transmuter on May 22, 2022.
             Was an Initiate of Gozag.
             Escaped with the Orb
             ... and 3 runes on June 3, 2022!
             The game lasted 09:41:55 (95727 turns).

oldmanjim the Grand Master (Octopode Transmuter)   Turns: 95727, Time: 09:41:55

Health: 214/214    AC: 26    Str: 39    XL:     27
Magic:  37/37      EV: 28    Int: 37    God:    Gozag
Gold:   11045      SH:  0    Dex: 12    Spells: 16/64 levels left

rFire   + + .      SeeInvis +     - Unarmed
rCold   + . .      Faith    .   (shield currently unavailable)
rNeg    + + +      Spirit   .   (helmet currently unavailable)
rPois   ∞          Reflect  .   H - dreamshard necklace {*Dream Drain}
rElec   +          Harm     .   c - ring of Loikaraups {rC+ rN+ SInv}
rCorr   .          Rampage  .   O - ring of the Marlin {*Corrode Fly Str+6 Int+5}
Will    +++++                   w - +7 ring of protection
Stlth   ++........              L - ring "Caghep" {Wiz Drain rPois rN+ Str+7}
HPRegen 0.45/turn               V - ring of Asuubba {rElec rC+ Will++ MP-9 Str+6}
MPRegen 0.25/turn               h - +7 ring of slaying
                                Q - ring "Puliclol" {rF+ rN++ Int+4}
                                v - ring "Bafenal" {Fire rPois Will+ Str+6 Int+3}

@: storm-form, flying
A: cleaving, flying, almost no armour, amphibious, 8 rings, (camouflage 1),
(gelatinous body 1), (nimble swimmer 1), (tentacles), clumsy 1, strong-willed 2,
inhibited regeneration, strong 1
0: Orb of Zot
}: 3/15 runes: decaying, serpentine, silver
a: Blinkbolt, End Transformation, Renounce Religion, Potion Petition, Call
Merchant, Bribe Branch


You escaped.
You worshipped Gozag.
Gozag was extremely pleased with you.
You were a lightning-filled tempest!
You visited 11 branches of the dungeon, and saw 52 of its levels.
You visited 1 bazaar.
You also visited: Trove, Ice Cave and Wizlab.

You collected 35107 gold pieces.
You spent 17496 gold pieces at shops.
You paid 6566 gold pieces to Gozag.

Inventory:

Missiles
 t - 7 throwing nets (quivered)
Armour
 b - a +8 tower shield
 n - a +2 hat of willpower (melded)
Jewellery
 c - the ring of Loikaraups (left fist) {rC+ rN+ SInv}
   (You acquired it on level 5 of the Vaults)

   [ring of see invisible]

   rC:        It protects you from cold.
   rN:        It protects you from negative energy.
   SInv:      It lets you see invisible.
 h - a +7 ring of slaying (on tentacle)
 l - the amulet "Comi" {Spirit rElec}
   (You found it on level 1 of the Realm of Zot)

   [amulet of guardian spirit]

   It causes incoming damage to be divided between your reserves of health and
   magic.
   rElec:     It insulates you from electricity.
 o - the ring "Sidox" {Fly rF+ Dex-5 Slay+5}
   (You bought it in a shop on level 4 of the Vaults)

   [ring of protection from fire]

   Dex:       It affects your dexterity (-5).
   Slay:      It affects your accuracy & damage with ranged weapons and melee
   (+5).
   rF:        It protects you from fire.
   Fly:       It grants you flight.
 v - the ring "Bafenal" (on tentacle) {Fire rPois Will+ Str+6 Int+3}
   (You found it on level 3 of the Crypt)

   [ring of fire]

   It enhances your fire magic.
   Str:       It affects your strength (+6).
   Int:       It affects your intelligence (+3).
   rF:        It protects you from fire.
   rC:        It makes you vulnerable to cold.
   rPois:     It protects you from poison.
   Will:      It increases your willpower.
 w - a +7 ring of protection (on tentacle)
 x - the ring "Upheil" {Ice Will++ Dex+2}
   (You found it in a treasure trove)

   [ring of ice]

   It enhances your ice magic.
   Dex:       It affects your dexterity (+2).
   rF:        It makes you vulnerable to fire.
   rC:        It protects you from cold.
   Will:      It greatly increases your willpower.
 E - the ring of Zinyczoq {Ice Will- Int+8 Dex-5 Stlth+}
   (You found it in a treasure trove)

   [ring of ice]

   It enhances your ice magic.
   Int:       It affects your intelligence (+8).
   Dex:       It affects your dexterity (-5).
   rF:        It makes you vulnerable to fire.
   rC:        It protects you from cold.
   Will:      It decreases your willpower.
   Stlth:     It makes you more stealthy.
 F - the ring of Understanding {Fire rN+ Will++ Stlth-}
   (You found it on level 1 of the Realm of Zot)

   [ring of fire]

   It enhances your fire magic.
   rF:        It protects you from fire.
   rC:        It makes you vulnerable to cold.
   rN:        It protects you from negative energy.
   Will:      It greatly increases your willpower.
   Stlth:     It makes you less stealthy.
 H - the dreamshard necklace (around neck) {*Dream Drain}
   (You bought it in a shop on level 1 of the Depths)

   [amulet of nothing]

   It shatters if its wearer takes lethal or near-lethal damage, preventing the
   blow and releasing protective dreams that heal and fight for the wearer.
   Drain:     It drains your maximum health when unequipped.
 I - a +8 ring of strength
 L - the ring "Caghep" (on tentacle) {Wiz Drain rPois rN+ Str+7}
   (You bought it in a shop on level 1 of the Dungeon)

   [ring of wizardry]

   It improves your spell success rate.
   Str:       It affects your strength (+7).
   rPois:     It protects you from poison.
   rN:        It protects you from negative energy.
   Drain:     It drains your maximum health when unequipped.
 O - the ring of the Marlin (right fist) {*Corrode Fly Str+6 Int+5}
   (You bought it in a shop on level 3 of the Elven Halls)

   [ring of flight]

   Str:       It affects your strength (+6).
   Int:       It affects your intelligence (+5).
   Fly:       It grants you flight.
   *Corrode:  It may corrode you when you take damage.
 Q - the ring "Puliclol" (on tentacle) {rF+ rN++ Int+4}
   (You found it on level 3 of the Depths)

   [ring of protection from fire]

   Int:       It affects your intelligence (+4).
   rF:        It protects you from fire.
   rN:        It greatly protects you from negative energy.
 R - the ring "Qeqa Abb" {rF- Will+ Str+6 Dex+9 Stlth-}
   (You found it in a treasure trove)

   [ring of willpower]

   Str:       It affects your strength (+6).
   Dex:       It affects your dexterity (+9).
   rF:        It makes you vulnerable to fire.
   Will:      It increases your willpower.
   Stlth:     It makes you less stealthy.
 S - the ring "Ruiskipp" {rF+ rCorr Stlth+}
   (You found it in a treasure trove)

   [ring of protection from fire]

   rF:        It protects you from fire.
   rCorr:     It protects you from acid and corrosion.
   Stlth:     It makes you more stealthy.
 T - the ring "Sutais" {Ice +Blink rPois Int+5}
   (You found it in a treasure trove)

   [ring of ice]

   It enhances your ice magic.
   Int:       It affects your intelligence (+5).
   rF:        It makes you vulnerable to fire.
   rC:        It protects you from cold.
   rPois:     It protects you from poison.
   +Blink:    It lets you blink.
 V - the ring of Asuubba (on tentacle) {rElec rC+ Will++ MP-9 Str+6}
   (You found it on level 3 of the Depths)

   [ring of strength]

   Str:       It affects your strength (+6).
   rC:        It protects you from cold.
   rElec:     It insulates you from electricity.
   MP:        It affects your magic capacity (-9).
   Will:      It greatly increases your willpower.
 W - the ring "Rukkiot" {rPois rC+ rN+ Will+}
   (You found it on level 3 of the Crypt)

   [ring of positive energy]

   rC:        It protects you from cold.
   rPois:     It protects you from poison.
   rN:        It protects you from negative energy.
   Will:      It increases your willpower.
Wands
 r - a wand of acid (20)
 y - a wand of iceblast (37)
 z - a wand of digging (38)
Scrolls
 e - 11 scrolls of fear
 g - 12 scrolls of fog
 k - 28 scrolls of teleportation
 m - 10 scrolls of magic mapping
 u - 5 scrolls of summoning
 C - a scroll of amnesia
 D - 7 scrolls of silence
 K - 17 scrolls of immolation
 M - 16 scrolls of poison
 Z - 5 scrolls of blinking
Potions
 a - 9 potions of lignification
 d - 26 potions of curing
 f - 5 potions of haste
 i - 5 potions of magic
 j - 5 potions of cancellation
 p - 5 potions of might
 q - 9 potions of berserk rage
 s - 18 potions of heal wounds
 A - 3 potions of resistance
 B - 3 potions of invisibility
 N - 13 potions of brilliance
 U - 8 potions of ambrosia
 Y - 9 potions of mutation
Miscellaneous
 J - a piece from Xom's chessboard (15/15)
 P - a box of beasts
 X - a phantom mirror (inert)


   Skills:
 - Level 24.0 Fighting
 - Level 17.0 Dodging
 - Level 10.0 Stealth
 - Level 15.0 Shields
 O Level 27 Unarmed Combat
 + Level 19.4 Spellcasting
 - Level 13.0 Translocations
 - Level 14.2 Transmutations
 - Level 2.0 Ice Magic
 - Level 10.0 Air Magic
 - Level 5.0 Earth Magic
 - Level 2.0 Poison Magic
 - Level 10.0 Evocations


You had 16 spell levels left.
You knew the following spells:

 Your Spells              Type           Power      Damage    Failure   Level
a - Beastly Appendage     Tmut           100%       N/A       0%          1
b - Spider Form           Tmut/Pois      77%        N/A       1%          3
c - Ice Form              Ice/Tmut       77%        N/A       1%          4
d - Dragon Form           Tmut           48%        N/A       1%          7
e - Manifold Assault      Tloc           93%        N/A       1%          5
f - Blink                 Tloc           100%       N/A       0%          2
g - Ozocubu's Armour      Ice            50%        N/A       1%          3
h - Olgreb's Toxic Radia  Pois           50%        N/A       1%          4
i - Statue Form           Tmut/Erth      54%        N/A       1%          6
j - Storm Form            Tmut/Air       45%        N/A       1%          7
k - Dispersal             Tloc           46%        N/A       1%          6

Your spell library contained the following spells:

 Spells                   Type           Power      Damage    Failure   Level
 Wereblood                Tmut           96%        N/A       0%          2
 Gell's Gravitas          Tloc           93%        N/A       0%          3
 Lesser Beckoning         Tloc           93%        N/A       0%          3
 Foxfire                  Conj/Fire      100%       2x1d9     1%          1
 Magic Dart               Conj           100%       1d8       1%          1
 Necrotize                Necr           100%       1d9       1%          1
 Sandblast                Erth           100%       2d20      1%          1
 Shock                    Conj/Air       100%       1d9       1%          1
 Slow                     Hex            100%       N/A       1%          1
 Sting                    Tmut/Pois      100%       1d8       1%          1
 Summon Small Mammal      Summ           100%       N/A       1%          1
 Call Imp                 Summ           35%        N/A       1%          2
 Ensorcelled Hibernation  Hex/Ice        86%        N/A       1%          2
 Passwall                 Tmut/Erth      68%        N/A       1%          2
 Poisonous Vapours        Pois/Air       100%       N/A       1%          2
 Scorch                   Fire           100%       2d10      1%          2
 Searing Ray              Conj           70%        2d7       1%          2
 Static Discharge         Conj/Air       64%        N/A       1%          2
 Call Canine Familiar     Summ           35%        N/A       1%          3
 Confusing Touch          Hex            35%        N/A       1%          3
 Conjure Flame            Conj/Fire      52%        6-21      1%          3
 Dazzling Flash           Conj/Hex       70%        N/A       1%          3
 Ignite Poison            Fire/Tmut/Pois 85%        N/A       1%          3
 Inner Flame              Hex/Fire       52%        N/A       1%          3
 Mephitic Cloud           Conj/Pois/Air  60%        N/A       1%          3
 Summon Guardian Golem    Hex/Summ       35%        N/A       1%          3
 Swiftness                Air            83%        N/A       1%          3
 Tukima's Dance           Hex            35%        N/A       1%          3
 Vampiric Draining        Necr           35%        2d8       1%          3
 Airstrike                Air            41%        N/A       1%          4
 Leda's Liquefaction      Hex/Erth       26%        N/A       1%          4
 Passage of Golubria      Tloc           93%        N/A       1%          4
 Petrify                  Tmut/Erth      82%        N/A       1%          4
 Lightning Bolt           Conj/Air       32%        1d49      1%          5
 Silence                  Hex/Air        32%        N/A       1%          5
 Summon Forest            Summ/Tloc      35%        N/A       1%          5
 Yara's Violent Unravell  Hex/Tmut       36%        3d15      1%          5
 Eringya's Noxious Bog    Tmut/Pois      38%        N/A       1%          6
 Hailstorm                Conj/Ice       43%        3d10      2%          4
 Summon Ice Beast         Ice/Summ       43%        N/A       2%          4
 Anguish                  Hex/Necr       17%        N/A       3%          4
 Cause Fear               Hex            17%        N/A       3%          4
 Dispel Undead            Necr           35%        3d15      3%          4
 Flame Wave               Conj/Fire      52%        2d11      3%          4
 Fulminant Prism          Conj/Hex       17%        3d11      3%          4
 Sticky Flame             Conj/Fire      52%        2d7       3%          4
 Metabolic Englaciation   Hex/Ice        21%        N/A       6%          5
 Conjure Ball Lightning   Conj/Air       32%        3x3d10    6%          6
 Agony                    Necr           35%        N/A       9%          5
 Fireball                 Conj/Fire      26%        3d12      9%          5
 Iskenderun's Battlesphe  Conj           35%        2d9       9%          5
 Summon Mana Viper        Hex/Summ       35%        N/A       9%          5
 Disjunction              Tloc           46%        N/A       11%         8
 Iron Shot                Conj/Erth      26%        9d6       17%         6
 Maxwell's Capacitive Co  Air            41%        ∞         32%         8
 Summon Cactus Giant      Summ           17%        N/A       43%         6
 Necromutation            Tmut/Necr      36%        N/A       71%         8
 Ozocubu's Refrigeration  Ice            25%        4d10      73%         7
 Haunt                    Necr/Summ      17%        N/A       93%         7
 Monstrous Menagerie      Summ           17%        N/A       93%         7
 Orb of Destruction       Conj           17%        9d7       93%         7
 Spellforged Servitor     Conj/Summ      17%        N/A       93%         7
 Summon Hydra             Summ           17%        N/A       93%         7
 Borgnjor's Revivificati  Necr           17%        N/A       100%        8
 Discord                  Hex            17%        N/A       100%        8
 Ignition                 Fire           26%        3d9       100%        8
 Infestation              Necr           17%        N/A       100%        8
 Death's Door             Necr           17%        N/A       100%        9
 Dragon's Call            Summ           17%        N/A       100%        9
 Animate Armour           Summ/Erth      Unusable   N/A       N/A         4
 Animate Dead             Necr           Unusable   N/A       N/A         4
 Simulacrum               Ice/Necr       Unusable   N/A       N/A         6

Dungeon Overview and Level Annotations

Branches:
Dungeon (15/15)            Temple (1/1) D:7            Lair (6/6) D:10
  Swamp (4/4) Lair:2        Snake (4/4) Lair:3        Slime (0/5) Lair:6
    Orc (2/2) D:12            Elf (3/3) Orc:2        Vaults (5/5) D:13
  Crypt (3/3) Vaults:3       Tomb (0/3) Crypt:3      Depths (4/4) D:15
    Zot (5/5) Depths:4      IceCv (visited)          WizLab (visited)

Altars:
Ashenzari
Cheibriados
Dithmenos
Elyvilon
Fedhas
Gozag
Hepliaklqana
Kikubaaqudgha
Makhleb
Nemelex Xobeh
Okawaru
Qazlal
Ru
Sif Muna
Trog
Uskayaw
Vehumet
Wu Jian
Xom
Yredelemnul
Zin
The Shining One
Beogh
Jiyva
Lugonu

Shops:
D:8 :(   D:10 (   D:13 ?   Orc:2 ![[=*=   Elf:3 =   Vaults:4 =[?[
Vaults:5 =?=!=?!?   Zot:5 *   Depths:1 :=:   Depths:3 :

Portals:
Hell: Depths:1 Depths:2 Depths:3 Depths:4
Abyss: Lair:6 Depths:2 Depths:3
Pandemonium: Depths:2
Ziggurat: Depths:1

Annotations:
D:4 2 runed translucent doors, exclusion: door, Crazy Yiuf
Lair:2 exclusion: oklob plant
Zot:2 3 runed translucent doors, exclusion: 3 doors, Kawoqao's ghost, legendary MiBe


Innate Abilities, Weirdness & Mutations

You are a lightning-filled tempest!
Your electrical attacks strike out in all directions at once.
You are incredibly evasive.
You are flying.
You are immune to poison.
Your armour is entirely melded.
You are incapable of wielding weapons or throwing items.
You cannot wear most types of armour.
You are amphibious.
You can wear up to eight rings at the same time.
((Your skin changes colour to match your surroundings (Stealth+).))
((Your rubbery body absorbs attacks. (AC +1, EV +1)))
((You are camouflaged when in or above water. (Stealth+)))
((You have tentacles for arms and can constrict up to eight enemies at once.))
You are clumsy. (Dex -2)
You are highly strong-willed. (Will++)
You do not regenerate when monsters are visible.
Your muscles are strong. (Str +2)


Message History

There is a stone staircase leading down here.
(D) Dungeon (T) Temple (L) Lair (S) Swamp (P) Snake Pit (M) Slime Pits (O) Orcish Mines (E) Elven Halls (V) Vaults (C) Crypt (W) Tomb (U) Depths (H) Hell (Z) Zot
Where to? (Enter - D:4 @ (x,y), ? - help)
What level of the Dungeon? (default 1, ? - help)
Your extra speed is starting to run out.
An Orb Guardian comes into view.
You feel yourself slow down.
There is an open door here.
You feel yourself speed up.
Your transformation is almost over.
Your transformation has ended.
Your +2 hat of willpower unmelds from your body.
You feel strong-willed.
There is a stone staircase leading up here.
You fly upwards.
There is a stone staircase leading down here.
Casting: Storm Form (mildly dangerous; 1% risk of failure)
Confirm with . or Enter, or press ? or * to list all spells.
You turn into a lightning-filled tempest!
Your +2 hat of willpower melds into your body.
You feel less strong-willed.
(D) Dungeon (T) Temple (L) Lair (S) Swamp (P) Snake Pit (M) Slime Pits (O) Orcish Mines (E) Elven Halls (V) Vaults (C) Crypt (W) Tomb (U) Depths (H) Hell (Z) Zot
Where to? (Enter - D:1 @ (x,y), ? - help)
What level of the Dungeon? (default 1, ? - help)
There is a stone staircase leading up here.
You fly upwards.
There is a stone staircase leading down here.
Your extra speed is starting to run out.
You feel yourself slow down.
Magic restored.
HP restored.
There is an open door here.
There is a staircase leading out of the dungeon here.
You have escaped!

.................##.##
######.#########..#..#
.......# ##.##.#
######## #..#.#
#..###############.#.##
#..#⌠.....⌠.≈≈≈≈⌠#....#
#..#.........≈≈≈≈##.#.#
#..#..........≈≈≈##.#.#
#..#>..##...##..v##.#.#
...#...##...##...##...#
#.##.............###..#
#.########'####### #..#
#.#######..#.########.##
#.##.........##.....#..#
..##.#######.####.#.#..#
.....#
#..........#.##.##
##.#.#
#.###.######.##..#


There were no monsters in sight!

Vanquished Creatures
  Tiamat (Zot:2)
  2 dread liches
  6 ancient liches
  10 orbs of fire
  4 juggernauts
  3 Killer Klowns (Zot:5)
  Saint Roka (Depths:2)
  3 curse toes
  A caustic shrike (Depths:3)
  Margery (Vaults:5)
  The ghost of zeratav the Warrior, a veteran OpEE of Ashenzari (Vaults:4)
  Nikola (Elf:2)
  19 golden dragons
  the Enchantress (Depths:2)
  4 bone dragons
  4 electric golems
  16 tentacled monstrosities
  26 Orb Guardians
  3 deep elf blademasters (Elf:3)
  Asterion (Depths:2)
  2 walking earthen tomes
  6 liches
  4 titans
  A walking divine tome (Depths:3)
  2 deep elf master archers (WizLab)
  10 quicksilver dragons
  7 ancient champions (Crypt:3)
  8 death cobs
  A sphinx (Vaults:5)
  A sphinx (shapeshifter) (Vaults:5)
  6 storm dragons
  Roxanne (Elf:3)
  14 tengu reavers
  Kirke (Lair:5)
  12 shadow dragons
  2 revenants
  6 nagarajas
  3 thorn hunters
  4 fenstrider witches
  8 draconian knights
  7 draconian monks
  11 frost giants
  7 fire giants
  An orc warlord (Vaults:2)
  8 deep elf sorcerers (Elf:3)
  A fire giant (shapeshifter) (Vaults:5)
  A balrug (Depths:3)
  6 iron dragons
  2 ghost moths (Zot:3)
  A caustic shrike zombie (D:15)
  8 deep elf elementalists (Elf:3)
  5 draconian stormcallers
  6 draconian scorchers
  22 vault wardens
  2 curse skulls (Crypt:2)
  6 draconian shifters
  11 ghouls
  10 ironbound preservers
  5 draconian annihilators
  15 green draconians
  6 spriggan defenders
  5 caustic shrike skeletons (Crypt:3)
  34 very ugly things
  A war gargoyle (Vaults:3)
  9 ironbound thunderhulks
  14 stone giants
  3 deep elf demonologists (Elf:3)
  5 vampire knights
  6 eleionomae
  3 bunyips
  Nessos (D:12)
  9 deep elf annihilators
  2 entropy weavers (Vaults:5)
  18 black draconians
  12 red draconians
  15 white draconians
  15 yellow draconians
  19 purple draconians
  The ghost of DocClef the Covert, a journeyman GnDe of Hepliaklqana (Lair:6)
  3 spark wasps (Depths:1)
  2 dire elephants
  3 eidola (Crypt:1)
  9 deep elf death magi
  21 ettins
  A blizzard demon (Depths:2)
  A quicksilver dragon zombie (Crypt:2)
  13 jiangshi
  A mummy priest (Crypt:3)
  8 fire dragons
  12 yaktaur captains
  2 shambling mangroves (WizLab)
  Fannar (Lair:1)
  5 great orbs of eyes
  6 spriggan air magi
  A salamander tyrant (Snake:2)
  A peacekeeper (Vaults:3)
  35 vault guards
  A rakshasa (Depths:1)
  4 deep elf high priests
  13 hydras
  2 ghost crabs (Swamp:4)
  4 ironbound frosthearts
  11 anacondas
  A fenstrider witch zombie (Crypt:3)
  3 ogre magi
  2 death knights
  8 ice dragons
  Erica (Lair:2)
  A catoblepas (Lair:3)
  16 death yaks
  4 boulder beetles
  A fenstrider witch skeleton (Crypt:3)
  17 naga warriors
  7 two-headed ogres
  6 alligators
  12 centaur warriors
  An Orb Guardian skeleton (Crypt:3)
  7 deep troll shamans
  8 deep troll earth magi
  10 hell hogs
  2 satyrs (WizLab)
  7 orc high priests (Orc:2)
  5 spriggan berserkers
  12 hell knights
  7 tengu warriors
  6 vampire magi
  12 naga sharpshooters
  10 shock serpents
  4 thrashing horrors (Lair:6)
  Amaemon (D:11)
  2 sun demons (Depths:3)
  5 shadow wraiths
  6 titan skeletons (Crypt:3)
  6 salamander mystics
  A spark wasp zombie (D:15)
  20 deep elf knights
  2 soul eaters
  27 skeletal warriors
  7 iron trolls
  A sixfirhy (Depths:2)
  2 glowing orange brains
  10 flayed ghosts
  11 bog bodies
  A death drake (shapeshifter) (Depths:3)
  4 goliath frogs
  4 spriggan druids
  28 deep trolls
  A spectral hydra (Swamp:4)
  4 lindwurms (Vaults:1)
  7 naga ritualists
  An obsidian statue (Zot:5)
  7 swamp dragons
  A bunyip skeleton (Crypt:3)
  15 phantasmal warriors
  An orange crystal statue (Vaults:1)
  12 necromancers
  18 ironbound convokers
  10 wizards
  14 deep elf archers
  8 orc knights
  2 anaconda skeletons (Crypt:3)
  2 orc sorcerers
  36 deep elf pyromancers
  39 deep elf zephyrmancers
  5 harpies (Vaults:3)
  A tengu skeleton (Depths:2)
  52 ugly things
  A wolf spider (Vaults:5)
  A mana viper (shapeshifter) (Vaults:5)
  14 salamanders
  4 oklob plants
  A manticore (D:13)
  6 fauns (WizLab)
  9 mana vipers
  A stone giant zombie (Vaults:4)
  3 will-o-the-wisps
  8 cyclopes
  A sphinx skeleton (Crypt:3)
  25 slime creatures
  An elephant (shapeshifter) (Vaults:5)
  A moth of wrath (shapeshifter) (Vaults:5)
  An iron dragon skeleton (D:15)
  14 vault sentinels
  15 elephants
  An ice statue (IceCv)
  A frost giant skeleton (Depths:2)
  25 moths of wrath
  29 black mambas
  2 water nymphs (Swamp:4)
  Maurice (D:11)
  28 naga magi
  2 centaur skeletons (Crypt:3)
  5 centaur zombies (D:15)
  2 guardian serpents
  Joseph (D:8)
  An eye of devastation (shapeshifter) (Depths:2)
  17 rime drakes
  3 torpor snails
  2 orange demons
  15 cane toads
  4 smoke demons
  2 gargoyles (D:12)
  An orb spider zombie (Crypt:1)
  An unseen horror zombie (Crypt:1)
  A dire elephant skeleton (Crypt:3)
  A death yak zombie (Crypt:1)
  2 swamp worm zombies (Swamp:4)
  59 yaktaurs
  3 ancient zymes (Lair:6)
  5 freezing wraiths
  A tormentor (Depths:1)
  4 tengu conjurers
  A rime drake (shapeshifter) (Lair:6)
  2 bloated husks (Swamp:1)
  An ice devil (Zot:2)
  3 meliai (D:12)
  10 komodo dragons
  7 trolls
  A queen bee (D:12)
  2 yaktaur skeletons (Vaults:4)
  6 guardian mummies (Crypt:3)
  7 polar bears
  12 hornets
  A hydra skeleton (Crypt:1)
  4 hydra zombies (Swamp:4)
  A harpy skeleton (Crypt:3)
  A guardian serpent zombie (Crypt:1)
  5 tyrant leeches
  A snapping turtle (shapeshifter) (Elf:1)
  A wind drake (shapeshifter) (Vaults:5)
  11 blink frogs (Lair:6)
  4 spectral swamp dragons (Swamp:4)
  A dream sheep (shapeshifter) (Vaults:5)
  6 alligator zombies (Swamp:4)
  Sigmund (D:2)
  A slime creature (shapeshifter) (D:12)
  4 air elementals
  An ettin skeleton (Crypt:3)
  4 ynoxinuls (Lair:6)
  7 water elementals
  42 yaks
  2 fire elementals (Elf:1)
  A shadow (D:13)
  8 spriggans
  A vampire (D:11)
  A wind drake zombie (Crypt:1)
  11 wraiths
  7 hogs (Lair:5)
  A human (D:12)
  A golden eye (shapeshifter) (Elf:1)
  10 steam dragons
  7 basilisks
  Grum (D:8)
  12 vampire mosquitoes
  A death yak simulacrum (Lair:3)
  A chaos spawn (Depths:2)
  Menkaure (D:7)
  14 swamp worms
  44 nagas
  4 acid dragons
  11 wargs
  A glowing shapeshifter skeleton (Depths:2)
  A human skeleton (D:15)
  A human zombie (Vaults:4)
  27 orc warriors
  23 water moccasins
  A swamp drake (Swamp:1)
  2 ice beasts
  2 naga skeletons (Crypt:3)
  2 elephant zombies (Lair:4)
  A sky beast (shapeshifter) (Lair:6)
  3 swamp dragon zombies (Swamp:4)
  A dream sheep zombie (Crypt:3)
  A sky beast (D:6)
  A manticore zombie (Crypt:1)
  8 wolves
  10 ogres
  5 boggarts (Vaults:2)
  12 centaurs
  8 phantoms
  A hog skeleton (Crypt:2)
  An elf zombie (Crypt:2)
  5 kobold brigands
  10 bullfrogs
  4 earth elementals
  A gnoll sergeant (D:11)
  3 scorpions
  5 necrophages
  12 small abominations (Lair:6)
  36 wights
  2 salamander skeletons (Crypt:2)
  A shapeshifter zombie (Crypt:2)
  2 elephant simulacra (Lair:3)
  A polar bear zombie (Crypt:2)
  32 killer bees (D:12)
  7 electric eels
  5 howler monkeys
  A bullfrog zombie (Crypt:3)
  2 basilisk zombies (Lair:4)
  2 jellies (D:5)
  36 orc priests
  2 hounds
  3 gnoll shamans
  A black bear skeleton (Crypt:3)
  A hell rat (Lair:6)
  6 iguanas
  19 orc wizards
  A spectral swamp drake (Swamp:4)
  Natasha (thrice) (D:4)
  A boggart skeleton (Crypt:1)
  An ogre skeleton (Crypt:2)
  2 mummies (D:15)
  16 gnolls
  4 adders
  2 swamp drake zombies (Swamp:4)
  A swamp drake skeleton (Crypt:2)
  2 white imps (D:6)
  5 dart slugs
  98 orcs
  7 ball pythons
  5 bats
  8 endoplasms
  3 giant cockroaches
  9 goblins
  7 hobgoblins
  9 jackals
  34 kobolds
  3 quokkas
  3 training dummies (D:10)
  7 frilled lizards
  A frilled lizard skeleton (Crypt:3)
  A goblin skeleton (Crypt:3)
  A goblin zombie (D:4)
  A kobold skeleton (D:4)
  An orc zombie (Crypt:1)
  5 rats
2388 creatures vanquished.

Vanquished Creatures (others)
  A vampire knight (Depths:4)
  26 dancing weapons
  A deep elf archer (Elf:3)
  A deep elf zephyrmancer (Elf:1)
  3 bloated husks
  A vampire mosquito (Swamp:1)
  A killer bee (D:12)
  2 briar patches (Swamp:4)
  A bush (WizLab)
  6 foxfires (Swamp:1)
  33 fungi
  55 plants
  A withered plant (D:15)
132 creatures vanquished.

Grand Total: 2520 creatures vanquished

Notes
Turn   | Place    | Note
-------+----------+-------------------------------------------
     0 | D:1      | oldmanjim the Octopode Transmuter began the quest for the
                  | Orb.
     0 | D:1      | Reached XP level 1. HP: 13/13 MP: 3/3
   211 | D:1      | You fall into a shaft and drop 1 floor!
   224 | D:1      | Reached XP level 2. HP: 18/18 MP: 3/5
   468 | D:1      | Reached XP level 3. HP: 23/23 MP: 6/6
   652 | D:1      | Found Ogiomu Neig's One-of-a-Kind Rings.
  1233 | D:2      | Found Hiclifor's Magic Scroll Boutique.
  1258 | D:2      | Reached skill level 4 in Unarmed Combat
  1273 | D:2      | Bought a scroll of teleportation for 39 gold pieces
  1283 | D:2      | Learned a level 3 spell: Spider Form
  1484 | D:2      | Identified the +0 scale mail "Gapic" {Contam SInv Stlth+}
  1541 | D:2      | Reached XP level 4. HP: 28/28 MP: 4/7
  1701 | D:2      | Found a faded altar of an unknown god.
  2000 | D:2      | Noticed Sigmund
  2008 | D:2      | Killed Sigmund
  2009 | D:2      | Reached XP level 5. HP: 30/36 MP: 4/8
  2009 | D:2      | Reached XP level 6. HP: 35/42 MP: 4/9
  3130 | D:4      | Reached skill level 1 in Stealth
  3731 | D:4      | Noticed Natasha
  3760 | D:4      | Killed Natasha
  3784 | D:4      | Noticed Natasha
  3791 | D:4      | Killed Natasha
  3792 | D:4      | Reached XP level 7. HP: 35/46 MP: 7/10
  3972 | D:4      | Found a runed translucent door.
  3972 | D:4      | Noticed a human
  3977 | D:4      | Found a basalt altar of Yredelemnul.
  4007 | D:4      | Noticed Natasha
  4021 | D:4      | Killed Natasha
  4480 | D:4      | HP: 1/46 [gnoll/+0 club[a gnoll shaman] (5)]
  4890 | D:4      | Found a runed translucent door.
  4891 | D:4      | Noticed Crazy Yiuf
  5318 | D:4      | Upgraded the game from 0.29-a0-472-ge5599a681e to
                  | 0.29-a0-495-g17b79114eb
  5319 | D:5      | Entered Level 5 of the Dungeon
  5590 | D:5      | Reached skill level 5 in Unarmed Combat
  5590 | D:5      | Reached skill level 5 in Transmutations
  5754 | D:5      | Reached XP level 8. HP: 37/52 MP: 8/11
  6355 | D:5      | Identified the +0 leather armour "Taonuts" {*Corrode Fly
                  | rElec Str+10}
  6451 | D:5      | Reached skill level 1 in Evocations
  7173 | D:6      | HP: 1/54 [white imp/puff of frost (9)]
  7886 | D:5      | Identified the +2 helmet "Fefo" {Fly rCorr Dex+4 Slay-6}
  7976 | D:5      | Learned a level 4 spell: Ice Form
  8023 | D:6      | Reached skill level 1 in Ice Magic
  8031 | D:6      | Reached skill level 6 in Unarmed Combat
  8280 | D:6      | Reached XP level 9. HP: 31/58 MP: 11/13
  8639 | D:7      | Found a staircase to the Ecumenical Temple.
  8648 | Temple   | Entered the Ecumenical Temple
  9046 | Temple   | Became a worshipper of Gozag Ym Sagoz the Greedy
  9156 | D:7      | Noticed Menkaure
  9177 | D:7      | Killed Menkaure
  9178 | D:7      | Reached skill level 5 in Stealth
  9363 | D:7      | Identified the +4 whip "Orb Guardian's Regret" {freeze, rN+
                  | Str+4}
 10472 | D:8      | Reached skill level 5 in Fighting
 10479 | D:8      | Reached skill level 5 in Dodging
 10718 | D:8      | Found Eniramne's Self-Improvement Boutique.
 10741 | D:8      | Noticed Joseph
 10822 | D:8      | Killed Joseph
 11077 | D:8      | Noticed Grum
 11090 | D:8      | Reached XP level 10. HP: 44/66 MP: 14/16
 11092 | D:8      | Killed Grum
 11264 | D:8      | Found Valovvis's Antique Weapon Shoppe.
 12324 | D:9      | Reached skill level 7 in Unarmed Combat
 12403 | D:9      | Noticed a two-headed ogre
 12686 | D:9      | Got First Steps in Magic
 13105 | D:8      | Learned a level 7 spell: Dragon Form
 13287 | D:1      | Bought the ring "Caghep" {Wiz Drain rPois rN+ Str+7} for
                  | 599 gold pieces
 13335 | D:2      | Bought a scroll of magic mapping for 45 gold pieces
 13335 | D:2      | Bought a scroll of poison for 45 gold pieces
 13335 | D:2      | Bought 3 scrolls of fog for 78 gold pieces
 13845 | D:9      | Killed a two-headed ogre
 13846 | D:9      | Reached skill level 10 in Transmutations
 13924 | D:10     | Entered Level 10 of the Dungeon
 13933 | D:10     | Reached skill level 5 in Spellcasting
 13993 | D:9      | Reached XP level 11. HP: 71/71 MP: 17/19
 14561 | D:10     | Found a staircase to the Lair.
 14628 | D:10     | Found Japnuaco's Firing Range.
 14877 | D:11     | Noticed a boulder beetle
 14924 | D:11     | Killed a boulder beetle
 14956 | D:11     | Noticed Amaemon
 14968 | D:11     | Killed Amaemon
 15168 | D:11     | Noticed a two-headed ogre
 15267 | D:11     | Killed a two-headed ogre
 15394 | D:11     | Noticed a two-headed ogre
 15394 | D:11     | Noticed Maurice
 15406 | D:11     | Noticed a cyclops
 15408 | D:11     | Killed Maurice
 15414 | D:11     | Killed a two-headed ogre
 15418 | D:11     | Killed a cyclops
 15860 | D:10     | Reached skill level 8 in Unarmed Combat
 15865 | Lair:1   | Entered Level 1 of the Lair of Beasts
 15876 | Lair:1   | Noticed Fannar
 15889 | Lair:1   | Killed Fannar
 15890 | Lair:1   | Reached XP level 12. HP: 72/77 MP: 19/22
 16028 | D:10     | Upgraded the game from 0.29-a0-495-g17b79114eb to
                  | 0.29-a0-506-ga2e7fffb44
 16766 | Lair:2   | Noticed a four-headed hydra
 16771 | Lair:2   | Killed a six-headed hydra
 17054 | Lair:2   | Identified the +1 leather armour of the Tanner {Dex+7}
 17159 | Lair:2   | Noticed an ice dragon
 17178 | Lair:2   | Killed an ice dragon
 18060 | Lair:2   | Noticed Erica
 18066 | Lair:2   | Killed Erica
 18276 | Lair:2   | Noticed an eight-headed hydra
 18280 | Lair:2   | Killed a 12-headed hydra
 18291 | Lair:2   | Noticed a seven-headed hydra
 18580 | D:8      | Bought a manual of Fighting for 1200 gold pieces
 18760 | Lair:2   | Found a staircase to the Swamp.
 18802 | Lair:2   | Killed a nine-headed hydra
 19196 | Lair:3   | Found a frozen archway.
 19212 | Lair:3   | Reached skill level 5 in Evocations
 19223 | Lair:3   | Reached XP level 13. HP: 83/83 MP: 22/25
 19304 | IceCv    | Entered an ice cave
 19411 | IceCv    | Reached skill level 9 in Unarmed Combat
 20821 | IceCv    | Noticed a frost giant
 20839 | IceCv    | Killed a frost giant
 20840 | IceCv    | Reached skill level 10 in Unarmed Combat
 20843 | IceCv    | Reached skill level 10 in Fighting
 21726 | Lair:3   | Found a staircase to the Snake Pit.
 23006 | Lair:4   | Reached XP level 14. HP: 103/103 MP: 19/26
 23373 | Lair:5   | Reached skill level 11 in Unarmed Combat
 24027 | Lair:5   | Noticed Kirke
 24033 | Lair:5   | Reached skill level 12 in Unarmed Combat
 24035 | Lair:5   | Killed Kirke
 24776 | D:8      | Bought a manual of Fighting for 1200 gold pieces
 24955 | Lair:6   | Entered Level 6 of the Lair of Beasts
 25391 | Lair:6   | Found a runed translucent gate.
 25391 | Lair:6   | Found a runed translucent gate.
 25391 | Lair:6   | Found a runed translucent gate.
 25392 | Lair:6   | Noticed a dire elephant
 25396 | Lair:6   | Noticed DocClef's ghost (journeyman GnDe)
 25564 | Lair:6   | Reached skill level 15 in Fighting
 25828 | Lair:6   | Found a staircase to the Slime Pits.
 25828 | Lair:6   | Found a viscous altar of Jiyva.
 25881 | Lair:6   | Reached XP level 15. HP: 116/116 MP: 21/27
 26208 | Lair:6   | Reached skill level 13 in Unarmed Combat
 26455 | Lair:6   | Found a corrupted altar of Lugonu.
 26455 | Lair:6   | Found a one-way gate to the infinite horrors of the Abyss.
 26616 | Lair:6   | Reached skill level 10 in Dodging
 26797 | Lair:6   | Killed DocClef's ghost
 26918 | Lair:6   | Identified a scroll of acquirement
 26919 | Lair:6   | Acquired 1076 gold pieces
 27262 | D:2      | Bought a scroll of noise for 13 gold pieces
 27262 | D:2      | Bought a scroll of teleportation for 39 gold pieces
 27262 | D:2      | Bought a scroll of teleportation for 39 gold pieces
 27262 | D:2      | Bought a scroll of vulnerability for 97 gold pieces
 27262 | D:2      | Bought a scroll of identify for 26 gold pieces
 27311 | D:1      | Bought a +7 ring of slaying for 1898 gold pieces
 27554 | D:12     | Found a portal to a secret trove of treasure.
 27686 | D:12     | Found a staircase to the Orcish Mines.
 27693 | D:12     | Identified the +1 dagger "Webb" {freeze, Contam rCorr Str-4
                  | Int+9}
 28103 | D:12     | Learned a level 5 spell: Manifold Assault
 28115 | D:12     | Noticed Nessos
 28128 | D:12     | Killed Nessos
 28333 | D:12     | Reached skill level 1 in Translocations
 28544 | D:12     | Noticed a tengu reaver
 28612 | D:12     | Killed a tengu reaver
 28707 | D:12     | Reached skill level 14 in Unarmed Combat
 30086 | D:13     | Found a gate to the Vaults.
 30644 | D:13     | Learned a level 2 spell: Blink
 30789 | D:13     | Found a snail-covered altar of Cheibriados.
 31020 | Orc:1    | Entered Level 1 of the Orcish Mines
 31306 | Orc:2    | Entered Level 2 of the Orcish Mines
 31358 | Orc:1    | Reached XP level 16. HP: 128/128 MP: 15/28
 31670 | Orc:1    | Reached skill level 5 in Translocations
 32320 | Orc:2    | Found Jociuwk's Antique Armour Shoppe.
 32320 | Orc:2    | Found Feridd's Distillery.
 32600 | Orc:2    | Paralysed by an orc sorcerer for 4 turns
 32821 | Orc:2    | Found a staircase to the Elven Halls.
 33004 | Orc:2    | Bought 2 potions of haste for 240 gold pieces
 33004 | Orc:2    | Bought a potion of resistance for 120 gold pieces
 33424 | Orc:2    | Found Cedeq's Armour Shop.
 33424 | Orc:2    | Found Sazyts's Jewellery Shoppe.
 33465 | Orc:2    | Bought a ring of protection from cold for 250 gold pieces
 33765 | Orc:2    | Found Sazyts's Jewellery Shoppe.
 33765 | Orc:2    | Found Cedeq's Armour Shop.
 34078 | Orc:2    | Found Jociuwk's Antique Armour Shoppe.
 34078 | Orc:2    | Found Feridd's Distillery.
 34407 | D:1      | Bought a +8 ring of strength for 1115 gold pieces
 34407 | D:1      | Bought a +7 ring of protection for 1138 gold pieces
 35545 | D:14     | Found a hazy altar of Hepliaklqana.
 35725 | D:15     | Entered Level 15 of the Dungeon
 35803 | D:15     | Found a staircase to the Depths.
 36208 | D:15     | Reached skill level 10 in Spellcasting
 37055 | Swamp:1  | Entered Level 1 of the Swamp
 37902 | Swamp:2  | Reached XP level 17. HP: 137/137 MP: 25/31
 38790 | Swamp:3  | Reached skill level 15 in Unarmed Combat
 39539 | Swamp:4  | Entered Level 4 of the Swamp
 40900 | Swamp:4  | Identified the +4 arbalest of Itsunukk {elec, rElec rN++
                  | rCorr Stlth-}
 41113 | Swamp:4  | Reached skill level 16 in Unarmed Combat
 41116 | Swamp:4  | Noticed a bone dragon
 41140 | Swamp:4  | Killed a bone dragon
 41885 | Swamp:4  | Got a decaying rune of Zot
 42255 | Lair:3   | Learned a level 3 spell: Ozocubu's Armour
 42256 | Snake:1  | Entered Level 1 of the Snake Pit
 42616 | Snake:1  | Reached XP level 18. HP: 144/144 MP: 27/34
 42670 | Snake:1  | Reached skill level 17 in Unarmed Combat
 43734 | Snake:1  | Upgraded the game from 0.29-a0-506-ga2e7fffb44 to
                  | 0.29-a0-512-gf59ac788ac
 45315 | Snake:3  | Reached skill level 18 in Unarmed Combat
 45559 | Snake:3  | HP: 10/216 [poisoned by a nagaraja (poison arrow)]
 47018 | Snake:4  | Entered Level 4 of the Snake Pit
 48354 | Snake:4  | Reached XP level 19. HP: 151/151 MP: 36/36
 49271 | Snake:4  | Reached skill level 19 in Unarmed Combat
 49398 | Snake:4  | Got a serpentine rune of Zot
 49547 | Snake:4  | Upgraded the game from 0.29-a0-512-gf59ac788ac to
                  | 0.29-a0-529-gfa20dd96a1
 49811 | D:13     | Bought a scroll of blinking for 120 gold pieces
 49811 | D:13     | Bought a scroll of teleportation for 48 gold pieces
 49811 | D:13     | Bought a scroll of immolation for 56 gold pieces
 49811 | D:13     | Bought a scroll of teleportation for 48 gold pieces
 49817 | Vaults:1 | Entered Level 1 of the Vaults
 50581 | Vaults:1 | Got the Almanac of Flying Envenoming
 50587 | Vaults:1 | Learned a level 4 spell: Olgreb's Toxic Radiance
 50902 | Vaults:1 | Acquired the +0 hat "Umeifuac" {Dex+3}
 51087 | Vaults:2 | Found a flickering gateway to a bazaar.
 51096 | Bazaar   | Entered a bazaar
 51120 | Bazaar   | Found Wixenn's Book Shop.
 51120 | Bazaar   | Found Dauskoim's Jewellery Shop.
 51166 | Bazaar   | Bought a book of Chaos for 500 gold pieces
 51653 | Vaults:2 | Acquired 819 gold pieces
 53488 | Vaults:3 | Reached skill level 1 in Shields
 53660 | Vaults:3 | Reached XP level 20. HP: 158/158 MP: 38/38
 54535 | Vaults:3 | Found a staircase to the Crypt.
 54536 | Vaults:3 | Upgraded the game from 0.29-a0-529-gfa20dd96a1 to
                  | 0.29-a0-541-gaf1fc19f1b
 54968 | Vaults:3 | Reached skill level 15 in Spellcasting
 55600 | Vaults:4 | Reached skill level 5 in Shields
 55609 | Vaults:4 | Reached skill level 20 in Unarmed Combat
 55787 | Vaults:4 | Found Sokiuh's Armour Shop.
 55800 | Vaults:4 | Found Kuesaant's Magic Scroll Shoppe.
 55863 | Vaults:4 | Found Qohue's Antique Armour Shoppe.
 57059 | Vaults:4 | Found a runed translucent door.
 57059 | Vaults:4 | Noticed zeratav's ghost (veteran OpEE)
 57073 | Vaults:4 | Killed zeratav's ghost
 57609 | Vaults:4 | Found Vanuk Gahere's Jewellery Emporium.
 58609 | Elf:1    | Entered Level 1 of the Elven Halls
 58616 | Orc:2    | Bought a potion of berserk rage for 85 gold pieces
 58616 | Orc:2    | Bought a potion of resistance for 170 gold pieces
 58692 | Elf:1    | Reached XP level 21. HP: 164/164 MP: 36/40
 59463 | Elf:1    | Reached skill level 21 in Unarmed Combat
 60623 | Elf:2    | Reached skill level 15 in Dodging
 61154 | Elf:2    | Found a runed translucent gate.
 61154 | Elf:2    | Found a runed translucent gate.
 61155 | Elf:2    | Found a runed translucent gate.
 62028 | Elf:3    | Entered Level 3 of the Elven Halls
 62036 | Elf:3    | Noticed Nikola
 62048 | Elf:2    | Killed Nikola
 62701 | Elf:3    | Found Sed Nei's Jewellery Boutique.
 62743 | Elf:3    | Bought a ring of willpower for 400 gold pieces
 62743 | Elf:3    | Bought the ring of the Marlin {*Corrode Fly Str+6 Int+5}
                  | for 672 gold pieces
 63232 | Elf:3    | Reached XP level 22. HP: 171/171 MP: 41/41
 63281 | Elf:3    | Paralysed by an air elemental for 1 turns
 63592 | Elf:3    | Identified the ring "Zoxaifif" {rF+ Will- rCorr Dex+6}
 63783 | Elf:3    | Found the +8 arc blade {discharge, rElec}
 63797 | Elf:3    | Got the Tome of Calling and the Mountains
 63798 | Elf:3    | Identified the +2 pair of boots of Dramatic Exits {Rampage
                  | Str+4}
 64009 | Elf:3    | Noticed Roxanne
 64015 | Elf:3    | Killed Roxanne
 64097 | Elf:3    | Learned a level 6 spell: Statue Form
 65072 | Vaults:4 | Bought a scroll of enchant armour for 97 gold pieces
 65125 | Vaults:4 | Bought a ring of see invisible for 270 gold pieces
 65125 | Vaults:4 | Bought the ring "Sidox" {Fly rF+ Dex-5 Slay+5} for 802 gold
                  | pieces
 65404 | Depths:1 | Entered Level 1 of the Depths
 65588 | Depths:1 | Found Tyhila's Book Emporium.
 65588 | Depths:1 | Found Canocybb's Jewellery Boutique.
 65591 | Depths:1 | Found Reatt's Book Emporium.
 65607 | Depths:1 | Reached skill level 1 in Earth Magic
 65609 | Depths:1 | Reached skill level 22 in Unarmed Combat
 65644 | Depths:1 | Bought the dreamshard necklace {*Dream Drain} for 3400 gold
                  | pieces
 65644 | Depths:1 | Found the dreamshard necklace {*Dream Drain}
 65664 | Depths:1 | Found a radiant altar of Vehumet.
 65691 | Depths:1 | You are sucked into a shaft and drop 1 floor!
 65700 | Depths:2 | Noticed the Enchantress
 65705 | Depths:2 | Killed the Enchantress
 66046 | Depths:2 | Reached skill level 10 in Evocations
 66087 | Depths:2 | Found a one-way gate leading to the halls of Pandemonium.
 66212 | Depths:2 | Noticed Saint Roka
 66237 | Depths:2 | Killed Saint Roka
 66738 | Depths:1 | Reached skill level 5 in Earth Magic
 66818 | Depths:1 | Found a one-way gateway to a ziggurat.
 66836 | Depths:1 | Found a gateway to Hell.
 67961 | Depths:2 | Reached XP level 23. HP: 176/176 MP: 36/43
 68210 | Depths:2 | Noticed a golden dragon
 68219 | Depths:2 | Noticed Asterion
 68446 | Depths:2 | Killed Asterion
 68577 | Depths:2 | Noticed a golden dragon
 68586 | Depths:2 | Noticed a golden dragon
 68587 | Depths:2 | Killed a golden dragon
 68595 | Depths:2 | Killed a golden dragon
 68599 | Depths:2 | Killed a golden dragon
 68611 | Depths:2 | Reached skill level 23 in Unarmed Combat
 68861 | Depths:2 | Noticed a juggernaut
 68867 | Depths:2 | Killed a juggernaut
 68878 | Depths:2 | Noticed a golden dragon
 68883 | Depths:2 | Killed a golden dragon
 69119 | Depths:2 | Learned a level 7 spell: Storm Form
 69163 | Depths:2 | Noticed a juggernaut
 69167 | Depths:2 | Killed a juggernaut
 69171 | Depths:2 | Reached skill level 1 in Air Magic
 69174 | Depths:2 | Reached skill level 10 in Shields
 69187 | Depths:2 | Noticed a juggernaut
 69192 | Depths:2 | Killed a juggernaut
 69767 | Depths:3 | Reached skill level 10 in Translocations
 70593 | Depths:3 | Noticed a caustic shrike
 70595 | Depths:3 | Noticed a juggernaut
 70599 | Depths:3 | Killed a caustic shrike
 70602 | Depths:3 | Noticed a golden dragon
 70607 | Depths:3 | Killed a juggernaut
 70609 | Depths:3 | Killed a golden dragon
 71668 | Depths:3 | Identified the ring "Puliclol" {rF+ rN++ Int+4}
 72050 | Depths:3 | Reached XP level 24. HP: 183/183 MP: 34/43
 72062 | Depths:3 | Reached skill level 5 in Air Magic
 72501 | Depths:3 | Identified the ring of Asuubba {rElec rC+ Will++ MP-9
                  | Str+6}
 72516 | Depths:3 | Identified the +1 long sword of Cheibriados's Esteem
                  | {drain, rPois rF+ Stlth+}
 72518 | Depths:3 | Identified the +8 dagger of Moral Flaws {pain, *Corrode rC+
                  | Int+7}
 72607 | Depths:3 | Found Emobeosou's Book Shop.
 72789 | Depths:3 | Upgraded the game from 0.29-a0-541-gaf1fc19f1b to
                  | 0.29-a0-542-g075992c915
 72844 | Depths:4 | Entered Level 4 of the Depths
 73621 | Depths:4 | Found a bloodstained altar of Trog.
 74147 | D:12     | You paid a toll of a +5 demon whip to enter a treasure
                  | trove
 74148 | Trove    | Entered a treasure trove
 74152 | Trove    | Identified the ring "Xiublea" {rF+ MP+9}
 74154 | Trove    | Identified the ring "Niki" {Ice rElec Str-3 Stlth+}
 74156 | Trove    | Identified the ring "Ruiskipp" {rF+ rCorr Stlth+}
 74160 | Trove    | Identified the ring "Upheil" {Ice Will++ Dex+2}
 74161 | Trove    | Identified the ring of Zinyczoq {Ice Will- Int+8 Dex-5
                  | Stlth+}
 74162 | Trove    | Identified the ring "Qeqa Abb" {rF- Will+ Str+6 Dex+9
                  | Stlth-}
 74163 | Trove    | Identified the ring "Sutais" {Ice +Blink rPois Int+5}
 74918 | Depths:4 | Found a gate to the Realm of Zot.
 75712 | Crypt:1  | Entered Level 1 of the Crypt
 76474 | Crypt:1  | You are sucked into a shaft and drop 1 floor!
 76778 | Crypt:1  | Identified the +2 trident of Enabbo {vorpal, Will+}
 77337 | Crypt:2  | Reached skill level 24 in Unarmed Combat
 77662 | Crypt:3  | Entered Level 3 of the Crypt
 77719 | Crypt:3  | Found a magical portal.
 77736 | WizLab   | Entered Eringya's Formal Garden
 78332 | WizLab   | Reached XP level 25. HP: 189/189 MP: 15/43
 78913 | WizLab   | Found a blossoming altar of Fedhas.
 79279 | Crypt:3  | Identified the +4 ring mail "Uhong" {Str+6 Dex+4}
 80336 | Crypt:3  | Got the Catalogue of the Mutagenic Compass
 80424 | Crypt:3  | Found a staircase to the Tomb.
 80643 | Crypt:3  | Identified the ring of Xom's Full Attention {rN+ Str+4}
 80643 | Crypt:3  | Identified the ring "Rukkiot" {rPois rC+ rN+ Will+}
 80643 | Crypt:3  | Identified the ring "Plog" {rN+ Slay+2}
 80703 | Crypt:3  | Noticed a dread lich
 80707 | Crypt:3  | Killed a dread lich
 80783 | Crypt:3  | Gained mutation: Your muscles are strong. (Str +2)
                  | [mutagenic glow]
 81032 | Crypt:3  | Reached skill level 25 in Unarmed Combat
 81221 | Crypt:3  | Identified the ring "Bafenal" {Fire rPois Will+ Str+6
                  | Int+3}
 81235 | Crypt:3  | Identified the ring "Qurefunu" {rN+ MP+9 Dex+7}
 81385 | Vaults:4 | Acquired a +0 hat of willpower
 81405 | Vaults:5 | Entered Level 5 of the Vaults
 81505 | Vaults:5 | Reached skill level 15 in Shields
 81532 | Vaults:5 | Found Oscheaqou's Jewellery Shoppe.
 81877 | Vaults:5 | Reached skill level 26 in Unarmed Combat
 81900 | Vaults:5 | Noticed Margery
 81901 | Vaults:5 | Reached XP level 26. HP: 182/196 MP: 28/43
 81921 | Vaults:5 | Killed Margery
 82275 | Vaults:5 | Found Echiceto's Magic Scroll Shoppe.
 82275 | Vaults:5 | Found Dyuwewu's Distillery.
 82322 | Vaults:5 | Reached skill level 10 in Stealth
 82381 | Vaults:5 | Noticed an ancient lich
 82545 | Vaults:5 | Bought a potion of haste for 170 gold pieces
 82545 | Vaults:5 | Bought a potion of mutation for 136 gold pieces
 82545 | Vaults:5 | Bought a potion of mutation for 136 gold pieces
 82553 | Vaults:5 | Bought 2 scrolls of enchant armour for 180 gold pieces
 82553 | Vaults:5 | Bought a scroll of teleportation for 36 gold pieces
 82553 | Vaults:5 | Bought a scroll of poison for 42 gold pieces
 82553 | Vaults:5 | Bought a scroll of silence for 90 gold pieces
 82553 | Vaults:5 | Bought a scroll of magic mapping for 42 gold pieces
 82595 | Vaults:5 | Killed an ancient lich
 83206 | Vaults:5 | Got a silver rune of Zot
 83442 | Vaults:5 | Found Ulitheda's Magic Scroll Emporium.
 83447 | Vaults:5 | Bought a scroll of magic mapping for 38 gold pieces
 83447 | Vaults:5 | Bought a scroll of teleportation for 33 gold pieces
 83447 | Vaults:5 | Bought a scroll of blinking for 82 gold pieces
 83447 | Vaults:5 | Bought a scroll of acquirement for 572 gold pieces
 83447 | Vaults:5 | Bought a scroll of poison for 38 gold pieces
 83449 | Vaults:5 | Acquired the ring of Loikaraups {rC+ rN+ SInv}
 83516 | Vaults:5 | Found Neimm's Distillery.
 83520 | Vaults:5 | Bought a potion of heal wounds for 105 gold pieces
 83528 | Vaults:5 | Found Peetemp's Magic Scroll Emporium.
 83532 | Vaults:5 | Bought a scroll of blinking for 142 gold pieces
 83532 | Vaults:5 | Bought a scroll of teleportation for 57 gold pieces
 83730 | Vaults:5 | Found Fuploile's Jewellery Shoppe.
 83797 | Vaults:5 | Found Kusic's Jewellery Shoppe.
 84238 | Zot:1    | Entered Level 1 of the Realm of Zot
 84421 | Zot:1    | Found a transporter.
 84819 | Zot:1    | Noticed an orb of fire
 84824 | Zot:1    | Killed an orb of fire
 84825 | Zot:1    | Reached skill level 27 in Unarmed Combat
 85129 | Zot:1    | Found a transporter.
 85432 | Zot:1    | Identified the amulet "Comi" {Spirit rElec}
 85440 | Zot:1    | Identified the +8 battleaxe of Dishonesty {vorpal, rElec
                  | rC- rN+}
 85441 | Zot:1    | Identified the ring of Understanding {Fire rN+ Will++
                  | Stlth-}
 85951 | Zot:2    | Found a runed translucent gate.
 85981 | Zot:2    | Found a runed translucent gate.
 85981 | Zot:2    | Found a runed translucent gate.
 85981 | Zot:2    | Noticed an ancient lich
 85981 | Zot:2    | Noticed an ancient lich
 85981 | Zot:2    | Noticed Kawoqao's ghost (legendary MiBe)
 85982 | Zot:2    | Found an ancient bone altar of Kikubaaqudgha.
 85982 | Zot:2    | Noticed an ancient lich
 85982 | Zot:2    | Noticed a dread lich
 86321 | Zot:2    | Found the +4 dragonskin cloak
 86321 | Zot:2    | Noticed Tiamat
 86328 | Zot:2    | Reached XP level 27. HP: 193/206 MP: 20/43
 86796 | Zot:2    | Identified the +8 falchion "Deh Ampea" {flame, rCorr}
 86807 | Zot:2    | Killed Tiamat
 90500 | Zot:4    | Learned a level 6 spell: Dispersal
 90501 | Zot:5    | Entered Level 5 of the Realm of Zot
 91331 | Zot:5    | Bought a potion of brilliance for 176 gold pieces
 91331 | Zot:5    | Bought a wand of digging (3) for 352 gold pieces
 91331 | Zot:5    | Bought a potion of heal wounds for 220 gold pieces
 91393 | Zot:5    | Noticed an ancient lich
 91407 | Zot:5    | Killed an ancient lich
 91726 | Zot:5    | Noticed an orb of fire
 91726 | Zot:5    | Noticed an ancient lich
 91731 | Zot:5    | Killed an ancient lich
 91733 | Zot:5    | Killed an orb of fire
 91739 | Zot:5    | Noticed an ancient lich
 91743 | Zot:5    | Killed an ancient lich
 91748 | Zot:5    | Noticed an orb of fire
 91753 | Zot:5    | Killed an orb of fire
 91844 | Zot:5    | Noticed an orb of fire
 91849 | Zot:5    | Gained mutation: You are frail. (-10% HP) [an orb of fire]
 91851 | Zot:5    | Gained mutation: You do not regenerate when monsters are
                  | visible. [an orb of fire]
 91853 | Zot:5    | Killed an orb of fire
 91862 | Zot:5    | Noticed an orb of fire
 91872 | Zot:5    | Gained mutation: You are clumsy. (Dex -2) [an orb of fire]
 91874 | Zot:5    | Killed an orb of fire
 91935 | Zot:5    | Noticed an orb of fire
 91942 | Zot:5    | Noticed an orb of fire
 91943 | Zot:5    | Noticed an orb of fire
 91943 | Zot:5    | Noticed an orb of fire
 91943 | Zot:5    | Noticed an orb of fire
 91953 | Zot:5    | Killed an orb of fire
 91954 | Zot:5    | Gained mutation: You are very frail. (-20% HP) [an orb of
                  | fire]
 91956 | Zot:5    | Noticed an ancient lich
 92376 | Zot:5    | Killed an ancient lich
 92427 | Zot:5    | Noticed an ancient lich
 92435 | Zot:5    | Killed an ancient lich
 92436 | Zot:5    | Reached skill level 10 in Air Magic
 92439 | Zot:5    | Killed an orb of fire
 92451 | Zot:5    | Gained mutation: Your magical capacity is low. (-10% MP)
                  | [an orb of fire]
 92456 | Zot:5    | Killed an orb of fire
 92671 | Zot:5    | Killed an orb of fire
 92728 | Zot:5    | Lost mutation: You are very frail. (-20% HP) [potion of
                  | mutation]
 92728 | Zot:5    | Lost mutation: Your magical capacity is low. (-10% MP)
                  | [potion of mutation]
 92728 | Zot:5    | Lost mutation: You are frail. (-10% HP) [potion of
                  | mutation]
 92728 | Zot:5    | Gained mutation: You are strong-willed. (Will+) [potion of
                  | mutation]
 92728 | Zot:5    | Gained mutation: You are highly strong-willed. (Will++)
                  | [potion of mutation]
 93316 | Zot:5    | Noticed a dread lich
 93323 | Zot:5    | Killed a dread lich
 93412 | Zot:5    | Killed an orb of fire
 94787 | Zot:5    | Found Guppih Lypp's Assorted Antiques.
 95119 | Zot:5    | Got the Orb of Zot
 95413 | D:13     | Noticed Wenaqig the pandemonium lord
 95727 | D:$      | Escaped with the Orb!

Illustrated notes

Levels and vault maps discovered:
D:1:      amcnicky_arrival_flooded_fountain, layout_basic,
          nicolae_shop_unique_rings
D:2:      layout_rooms, serial_shops, shop, basic_ecumenical_altar,
          kennysheep_generic_room_16, uniq_sigmund
D:3:      layout_basic
D:4:      layout_basic, dk_yredelemnul_ordeal, serial_glass, glass_columns_a,
          glass_columns_a, glass_columns_a, lexackson_kobold_supper,
          uniq_crazy_yiuf_cottage, uniq_natasha
D:5:      layout_loops_ring
D:6:      layout_loops_ring, chequers_serial_rivers_small_b, chequers_jeans
D:7:      layout_basic, temple_pool_b, feat_on_display, uniq_menkaure
D:8:      layout_rooms, serial_shops, shop, nicolae_shop_self_help, uniq_joseph,
          uniq_grum
D:9:      layout_long_grid
D:10:     layout_rooms, david_lair_shrubbed, nicolae_shop_firing_range
D:11:     layout_roguey, dreamdust_princess_corridor, uniq_maurice, uniq_amaemon
D:12:     regret_index_harrowing_hell_hive, layout_long_grid, erik_orc_4,
          serial_glass, glass_columns_a, glass_columns_a, glass_columns_c,
          glass_columns_c, glass_columns_b, glass_columns_b, glass_columns_b,
          glass_columns_b, glass_columns_a, glass_columns_a, enter_trove_0,
          uniq_nessos
D:13:     layout_basic, erik_vaults_1, cheibriados_altar_1
D:14:     layout_loops_cross, minivault_14, nzn_hepliaklqana_mist_gate
D:15:     gammafunk_depths_entry_grave, layout_basic, serial_undead,
          serial_undead_c, serial_undead_f, serial_undead_b, serial_undead_c,
          serial_undead_e, serial_undead_d, serial_undead_d
Temple:   roderic_octagonal_lattice_temple
Lair:1:   layout_long_grid, uniq_fannar
Lair:2:   dragon1_lemuel, layout_cave_pods, palyth_hydra_swamp_entry,
          lemuel_fruit_fields, serial_bayou_shore_a, uniq_erica
Lair:3:   layout_long_grid, minmay_snake_entry_six_corridors,
          portal_ice_cave_entry_ice_simulacra, minivault_11
Lair:4:   pond_and_an_island_with_a_cottage, layout_small_grid
Lair:5:   layout_cellular_growth, uniq_kirke
Lair:6:   hellmonk_lair_end_abyssal_woods, layout_long_grid, slime_altar_1,
          gammafunk_ghost_split, bobbens_dragon_lair_wall
Swamp:1:  layout_falls_marsh, hangedman_swamp_diagram
Swamp:2:  layout_basic_swamp, hangedman_swamp_ruin_wall
Swamp:3:  layout_basic_swamp, evilmike_swamp_ruin_house_5, swamp_pool4,
          statue_in_the_mist_lemuel
Swamp:4:  swamp_pestilence, layout_basic_swamp,
          nicolae_swamp_nymph_family_reunion
Snake:1:  layout_chambers
Snake:2:  layout_grid_maze
Snake:3:  layout_misc_corridors, drop_trap
Snake:4:  snake_pit, layout_basic, grunt_megastairs_2, serial_bayou_shore_b
Orc:1:    layout_caves
Orc:2:    st_orc_town, layout_caves
Elf:1:    layout_gridlike, evilmike_minifort, lemuel_upstairs_altar
Elf:2:    elven_hall_of_blades_hangedman_original
          [nicolae_blade_entry_pointy_end], layout_geoelf_diagonals, drop_trap,
          grunt_megastairs_4
Elf:3:    nooodl_elf_gasket, layout_loops_corners, serial_shops, shop,
          uniq_roxanne, uniq_nikola
Vaults:1: ontoclasm_vaults_decontamination, vaults_mumra_minichess,
          nicolae_vaults_border_crossing, nicolae_vaults_big_angled_halls,
          vaults_room_grid, nicolae_vaults_statue_guard,
          layout_vaults_maze_bifur
Vaults:2: grunt_vaults_hallway_long, ontoclasm_vaults_chip, v_rooms_5,
          nicolae_vaults_shelves_hall, hangedman_vaults_capsules, v_misc_24,
          st_lines, nicolae_vaults_windows_and_doors_thing,
          hangedman_vaults_river_flow, v_misc_25, vaults_room_corners,
          ontoclasm_vaults_misaligned, layout_vaults_omnicross, serial_shops,
          bzr_firewalk
Vaults:3: minmay_crypt_entry_simple_round, ontoclasm_vaults_bender,
          vaults_dpeg_cross, vaults_room_corners, ontoclasm_vaults_chip,
          hangedman_vaults_hat, vaults_room_semicircle,
          nicolae_vaults_ring_of_whatevers, nicolae_vaults_circle_grid_b,
          v_misc_23, vaults_room_boxed, v_misc_30, ontoclasm_vaults_hangar,
          layout_vaults_omnigrid
Vaults:4: hellmonk_ghost_happy_afterlife, vaults_mumra_lcd,
          nicolae_vaults_network_square, v_misc_2,
          nicolae_vaults_big_angled_halls, vaults_dpeg_diagonal, st_hourglassy,
          ontoclasm_vaults_gateway, nicolae_vaults_alarming,
          layout_vaults_chaotic_city, serial_shops, shop, shop, shop, shop
Vaults:5: serial_shops, uniq_margery
Crypt:1:  layout_rooms, item_on_display_a
Crypt:2:  layout_gridlike, library_closet
Crypt:3:  due_elkab, layout_chaotic_city, tomb_entry_shell_bobbens,
          infiniplex_enter_wizlab_spiral
Depths:1: layout_basic, enter_ziggurat_d, hangedman_coc_ice_floe,
          hangedman_abyss_or_decor_passed, nicolae_vehumet_radiance,
          serial_bayou_shore_b, minmay_shop_grove
Depths:2: grunt_twisty_corner, layout_basic, infiniplex_staircase_pool_2,
          abyss_entry_crystal, grunt_hell_horde, rand_demon_pan_entry_7,
          uniq_enchantress, uniq_saint_roka, uniq_asterion
Depths:3: little_maze_vault, layout_basic, nicolae_benzene_ring,
          abyss_entry_small_statue_room, hellmouth_1, kennysheep_windowed_goal,
          minmay_staircase_windowed_small
Depths:4: grunt_zot_entry_bicorn, layout_basic, minmay_misc_feat_enclosed,
          hangedman_tar_grid_catacomb, dreamdust_wishing_well,
          trog_three_pillars_becter
Zot:1:    gammafunk_its_a_trap, layout_misc_corridors, lemuel_flame_loot_1
Zot:2:    layout_twisted_circle, gammafunk_ghost_crypt, uniq_tiamat
Zot:3:    layout_basic
Zot:4:    layout_misc_corridors
Zot:5:    layout_gridlike

Skill      XL: |  1  2  3  4  5  6  7  8  9 10 11 12 13 14 15 16 17 18 19 20 21 22 23 24 25 26 27 |
---------------+----------------------------------------------------------------------------------+-----
Unarmed Combat | 4 5 6 7 8 10 12 14 16 18 19 20 21 22 23 24 26 27 | 27.0
Transmutations | 3 4 5 6 8 10 12 14 | 14.2
Fighting       | 3 4 5 12 15 17 19 20 21 24 | 24.0
Poison Magic   | 2 |  2.0
Stealth        | 3 4 6 7 8 10 | 10.0
Dodging        | 3 4 5 6 8 9 10 11 13 15 17 | 17.0
Spellcasting   | 3 4 5 7 8 10 12 13 14 15 16 19 | 19.4
Evocations     | 3 5 8 10 | 10.0
Ice Magic      | 2 |  2.0
Translocations | 4 8 10 12 13 | 13.0
Shields        | 1 5 8 10 12 15 | 15.0
Earth Magic    | 5 |  5.0
Air Magic      | 4 8 10 | 10.0

Action                   |  1- 3 |  4- 6 |  7- 9 | 10-12 | 13-15 | 16-18 | 19-21 | 22-24 | 25-27 || total
-------------------------+-------+-------+-------+-------+-------+-------+-------+-------+-------++-------
Melee: Unarmed           |    70 |   103 |   281 |   341 |   566 |   698 |   663 |   688 |   870 ||  4280
       Kick              |    24 |    20 |     9 |       |       |       |       |       |       ||    53
       Constrict         |    20 |    11 |     9 |     3 |       |     2 |     1 |       |     4 ||    50
       Tentacles         |     9 |    10 |     6 |     4 |       |     1 |     2 |       |    14 ||    46
       Punch             |     2 |     3 |     1 |    14 |    38 |    60 |    58 |   108 |   178 ||   462
       Staff             |       |     3 |    17 |     7 |     3 |     3 |     8 |       |       ||    41
       Bite              |       |       |       |    24 |    47 |    71 |    57 |    62 |     6 ||   267
       Tailslap          |       |       |       |    19 |    78 |    99 |    90 |    86 |     6 ||   378
Throw: Stone             |       |     1 |    23 |       |       |       |       |       |       ||    24
       Boomerang         |       |       |     7 |       |       |       |       |       |       ||     7
 Cast: Beastly Appendage |    21 |    15 |     4 |       |       |       |       |       |     1 ||    41
       Spider Form       |     1 |     9 |    45 |     2 |       |       |       |       |       ||    57
       Ice Form          |       |       |     4 |    14 |     9 |       |       |       |       ||    27
       Dragon Form       |       |       |       |    30 |    75 |   116 |   105 |    73 |    13 ||   412
       Manifold Assault  |       |       |       |       |     3 |    40 |    93 |    67 |    20 ||   223
       Ozocubu's Armour  |       |       |       |       |       |     8 |     1 |    11 |     2 ||    22
       Olgreb's Toxic Ra |       |       |       |       |       |       |    48 |    12 |     3 ||    63
       Storm Form        |       |       |       |       |       |       |       |    16 |   109 ||   125
       Statue Form       |       |       |       |       |       |       |       |       |     3 ||     3
       Blink             |       |       |       |       |       |       |       |       |     1 ||     1
       Dispersal         |       |       |       |       |       |       |       |       |     1 ||     1
Invok: Potion Petition   |       |       |       |       |     1 |     2 |       |     1 |     4 ||     8
       Call Merchant     |       |       |       |       |       |       |     3 |       |     1 ||     4
 Abil: Breathe Fire      |       |       |       |     5 |     6 |     7 |     2 |    13 |       ||    33
       Blinkbolt         |       |       |       |       |       |       |       |       |     1 ||     1
Evoke: Wand              |       |       |       |     6 |    11 |     4 |       |       |     3 ||    24
       Phantom mirror    |       |       |       |       |       |       |       |       |     1 ||     1
  Use: Scroll            |     2 |     4 |     5 |     4 |     7 |     7 |     4 |    10 |    21 ||    64
       Potion            |       |       |     1 |     3 |     2 |     3 |     1 |     2 |    15 ||    27
 Stab: Sleeping          |     7 |     1 |     6 |     7 |    14 |     6 |     8 |    10 |     6 ||    65
       Distracted        |       |       |       |     3 |     6 |     9 |     8 |     8 |    18 ||    52
       Invisible         |       |       |       |       |       |     4 |       |       |     1 ||     5
Armor: Skin              |     5 |     5 |    13 |    98 |   119 |   257 |   125 |   183 |   176 ||   981
Dodge: Dodged            |    30 |    72 |   278 |   312 |   409 |   503 |   387 |   275 |   543 ||  2809
Block: Tower shield      |       |       |       |       |       |       |       |       |     6 ||     6

Table legend: (Time is in decaauts)
 A = Elapsed time spent in this place.
 B = Non-inter-level travel time spent in this place.
 C = Inter-level travel time spent in this place.
 D = Time resting spent in this place.
 E = Time spent auto-exploring this place.
 F = Levels seen in this place.
 G = Mean time per level.
                   A        B        C        D        E       F      G
               +--------+--------+--------+--------+--------+-----+--------+
         Total |  94420 |  87865 |   6555 |  11982 |  58905 |  56 | 1686.1 |
       Dungeon |  23703 |  20743 |   2960 |   2875 |  13733 |  15 | 1580.2 |
        Temple |    422 |    358 |     64 |      0 |    335 |   1 |  422.0 |
          Lair |   9274 |   8378 |    896 |    614 |   6451 |   6 | 1545.7 |
         Swamp |   4821 |   4673 |    148 |   1352 |   2626 |   4 | 1205.2 |
     Snake Pit |   7249 |   7133 |    116 |    799 |   5176 |   4 | 1812.2 |
  Orcish Mines |   3153 |   2976 |    177 |    489 |   1471 |   2 | 1576.5 |
   Elven Halls |   6017 |   5829 |    188 |    316 |   4302 |   3 | 2005.7 |
        Vaults |  11884 |  10985 |    899 |    921 |   7881 |   5 | 2376.8 |
         Crypt |   3925 |   3730 |    195 |    205 |   2695 |   3 | 1308.3 |
        Depths |   9726 |   9030 |    696 |   1175 |   6268 |   4 | 2431.5 |
           Zot |  10716 |  10502 |    214 |   2361 |   6359 |   5 | 2143.2 |
        Bazaar |     96 |     96 |      0 |      0 |     53 |   1 |   96.0 |
         Trove |     59 |     59 |      0 |      0 |      2 |   1 |   59.0 |
      Ice Cave |   2007 |   2007 |      0 |    765 |    668 |   1 | 2007.0 |
        Wizlab |   1359 |   1359 |      0 |    109 |    884 |   1 | 1359.0 |
               +--------+--------+--------+--------+--------+-----+--------+

Top non-repeatable levels by time:
   Zot:5: 3750 daAuts
Vaults:4: 3465 daAuts
Depths:3: 2960 daAuts
    D:12: 2872 daAuts
Depths:2: 2862 daAuts
  Lair:2: 2654 daAuts
Vaults:3: 2385 daAuts
 Snake:4: 2328 daAuts
Vaults:5: 2242 daAuts
     D:8: 2225 daAuts
Vaults:2: 2214 daAuts
   Elf:3: 2204 daAuts
     D:4: 2166 daAuts
 Snake:2: 2156 daAuts
 Swamp:4: 2156 daAuts
